 Dungeon Crawl Stone Soup version 0.29-a0-214-g17f627cfee (webtiles) character file.

Game seed: 15285407812532185915

52 fragbeetle the Bolt Thrower (level 3, 5/31 HPs)
             Began as a Tengu Hunter on Feb 25, 2022.
             Quit the game on level 2 of the Dungeon.
             The game lasted 00:02:04 (1259 turns).

fragbeetle the Bolt Thrower (Tengu Hunter)          Turns: 1259, Time: 00:02:05

Health: 5/31       AC: 21    Str: 12    XL:     3   Next: 85%
Magic:  4/4        EV:  2    Int: 14    God:
Gold:   126        SH:  0    Dex: 16    Spells: 2/2 levels left

rFire   x . .      SeeInvis +   a - +1 hand crossbow
rCold   + . .      Faith    .   (no shield)
rNeg    + . .      Spirit   .   (body armour currently unavailable)
rPois   +          Reflect  .   (helmet currently unavailable)
rElec   .          Harm     .   (cloak currently unavailable)
rCorr   +          Rampage  .   (gloves currently unavailable)
Will    .....      NoTele   +   (boots unavailable)
Stlth   ++........              (no amulet)
HPRegen 0.10/turn               j - ring "Lass" {rF- rC+ rN+ rCorr Int+3}
MPRegen 0.09/turn               h - ring of see invisible

@: lethally poisoned (5 -> -5), tree-form
A: stationary, stasis, torment immunity, boosted hp, (beak), (talons 3)
a: no special abilities


You were on level 2 of the Dungeon.
You were a tree.
You visited 1 branch of the dungeon, and saw 2 of its levels.

You collected 126 gold pieces.

Inventory:

Hand Weapons
 a - a +1 hand crossbow (weapon)
Armour
 b - a +0 leather armour (melded)
Jewellery
 g - a +6 ring of strength
 h - a ring of see invisible (right branch)
 j - the ring "Lass" (left branch) {rF- rC+ rN+ rCorr Int+3}
   (You found it on level 2 of the Dungeon)

   [ring of resist corrosion]

   Int:       It affects your intelligence (+3).
   rF:        It makes you vulnerable to fire.
   rC:        It protects you from cold.
   rN:        It protects you from negative energy.
   rCorr:     It protects you from acid and corrosion.
Scrolls
 c - a scroll of identify {unknown}
 e - a scroll of amnesia {unknown}
 f - 2 scrolls of immolation {unknown}
 i - a scroll of blinking {unknown}


   Skills:
 - Level 2.0 Fighting
 + Level 5.9 Crossbows
 - Level 2.1 Dodging
 - Level 1.0 Stealth


You had 2 spell levels left.
You didn't know any spells.
Your spell library was empty.

Dungeon Overview and Level Annotations

Branches:
Dungeon (2/15)

Altars:
Xom


Innate Abilities, Weirdness & Mutations

You are a tree.
Your roots penetrate the ground, keeping you stationary.
You cannot be teleported.
You are immune to unholy pain and torment.
Your maximum health is greatly increased.
Your equipment is partially melded.
((You have a beak for a mouth.))
((You have claws for feet.))


Message History

The adder is lightly wounded.
You shoot a bolt. The bolt misses the adder.
The adder bites you but does no damage. The adder bites you.
You shoot a bolt. The bolt barely misses the adder.
The adder bites you.
You shoot a bolt. The bolt barely misses the adder.
The adder misses you. The adder barely misses you.
You shoot a bolt. The bolt hits the adder.
The adder is moderately wounded.
The adder bites you but does no damage.
You shoot a bolt. The bolt misses the adder.
The adder barely misses you. The adder closely misses you.
You shoot a bolt. The bolt closely misses the adder.
The adder bites you.
You are poisoned.
The adder poisons you!
You shoot a bolt. The bolt barely misses the adder.
You feel sick. The adder bites you.
You are more poisoned.
The adder poisons you! The adder bites you.
You are more poisoned.
The adder poisons you!
You are too injured to fight recklessly!
You are too injured to fight recklessly!
You are too injured to fight recklessly!
You are too injured to fight recklessly!
It was a potion of lignification.
You turn into a tree.
Your +0 leather armour melds into your body.
Your roots penetrate the ground.
* * * LOW HITPOINT WARNING * * *
You feel very sick. The adder bites you but does no damage.
Unknown command.
Shoot: a) +1 hand crossbow
Press: ? - help, Q - select action Shift-Dir - straight line, f/p - adder
Aim: an adder (moderately wounded, 50% to hit)
You shoot a bolt. The bolt hits the adder!
You kill the adder!
* * * LOW HITPOINT WARNING * * *
You feel very sick.
There is a lethal amount of poison in your body!
Are you sure you want to abandon this character and quit the game? (Confirm with "yes".)

#.#.#.#..h#
#.h.#hhh#...#
#####h#.#.#...#.# ##
##...h.#...##.## ..#..#
##....#.#.#....... .#.#
#...<.#...##.###.# ...
......#†#...........#
#.......##.###.###.##..#
..#####.........♣†....#
#####.##.###.###.###.##
#.....## ## #.#####
###.###.# #.....#
....###.########.....#
###......)...........#
###.###.########.....#
....# #.# ##.....# #####
#.#######...####


There were no monsters in sight!

Vanquished Creatures
  2 adders (D:2)
  A bat (D:2)
  4 endoplasms
  3 giant cockroaches
  3 goblins
  2 hobgoblins (D:2)
  4 jackals (D:1)
  A ball python (D:2)
  2 frilled lizards (D:1)
  4 kobolds
  5 rats
31 creatures vanquished.

Vanquished Creatures (others)
  A plant (D:1)
1 creature vanquished.

Grand Total: 32 creatures vanquished

Notes
Turn   | Place    | Note
-------+----------+-------------------------------------------
     0 | D:1      | fragbeetle the Tengu Hunter began the quest for the Orb.
     0 | D:1      | Reached XP level 1. HP: 12/12 MP: 2/2
   107 | D:1      | Reached XP level 2. HP: 17/17 MP: 3/3
   202 | D:1      | Reached skill level 5 in Crossbows
   329 | D:1      | Found a faded altar of an unknown god.
   991 | D:2      | Reached XP level 3. HP: 21/21 MP: 4/4
  1203 | D:2      | Found a shimmering altar of Xom.
  1210 | D:2      | Identified the ring "Lass" {rF- rC+ rN+ rCorr Int+3}
  1259 | D:2      | Quit the game

Illustrated notes

Levels and vault maps discovered:
D:1:      minmay_arrival_four_houses, layout_loops_ring, serial_bayou,
          serial_bayou_ford_a, serial_bayou_lagoon_b, serial_bayou_lake_a,
          serial_bayou_crossing, serial_bayou_shore_b,
          shapermc_ecumenical_altar_mp_vishouse, fountainhead
D:2:      layout_rooms, basic_altar, small_statue_intersection,
          nicolae_concentric_dashed_squares_mild

Skill      XL: |  1  2 |
---------------+-------+-----
Crossbows      | 5 |  5.9
Fighting       | |  2.0
Dodging        | |  2.1
Stealth        | |  1.0

Action                   || total
-------------------------++-------
 Fire: Hand crossbow     ||    91
  Use: Potion            ||     1
Armor: Leather armour    ||    10
       Skin              ||     1
Dodge: Dodged            ||    27

Table legend: (Time is in decaauts)
 A = Elapsed time spent in this place.
 B = Non-inter-level travel time spent in this place.
 C = Inter-level travel time spent in this place.
 D = Time resting spent in this place.
 E = Time spent auto-exploring this place.
 F = Levels seen in this place.
 G = Mean time per level.
                   A        B        C        D        E       F      G
               +--------+--------+--------+--------+--------+-----+--------+
         Total |   1356 |   1299 |     57 |      0 |   1099 |   2 |  678.0 |
       Dungeon |   1356 |   1299 |     57 |      0 |   1099 |   2 |  678.0 |
               +--------+--------+--------+--------+--------+-----+--------+

Top non-repeatable levels by time:
     D:1: 1080 daAuts
     D:2: 275 daAuts
